 Dungeon Crawl Stone Soup version 0.28.0-53-g5a82cb258f (webtiles) character file.

Game seed: 3734334897704782947

135 issech the Vexing (level 5, 0/40 HPs)
             Began as a Gnoll Arcane Marksman on May 20, 2022.
             Killed from afar by Ijyb (10 damage)
             ... with a puff of flame
             ... on level 3 of the Dungeon on May 21, 2022.
             The game lasted 00:11:07 (2908 turns).

issech the Vexing (Gnoll Arcane Marksman)           Turns: 2908, Time: 00:11:08

Health: 0/40       AC:  5    Str: 10    XL:     5   Next: 18%
Magic:  9/9        EV: 15    Int: 12    God:
Gold:   60         SH:  4    Dex: 14    Spells: 9/10 levels left

rFire   . . .      SeeInvis .   a - +0 hand crossbow
rCold   . . .      Faith    .   k - +0 buckler
rNeg    . . .      Spirit   .   h - +0 ring mail
rPois   .          Reflect  .   (no helmet)
rElec   .          Harm     .   (no cloak)
rCorr   .          Rampage  .   (no gloves)
Will    .....                   (no boots)
Stlth   +.........              (no amulet)
HPRegen 0.13/turn               q - +4 ring of evasion
MPRegen 0.11/turn               (no ring)

@: no status effects
A: fangs 1, strong nose, distributed training
a: no special abilities


You were on level 3 of the Dungeon.
You visited 1 branch of the dungeon, and saw 3 of its levels.

You collected 60 gold pieces.

Inventory:

Hand Weapons
 a - a +0 hand crossbow (weapon)
 e - a +0 club
 l - a +0 short sword
 m - a +0 spear
Missiles
 c - 23 bolts (quivered ammo)
 f - 94 stones
 g - 20 sling bullets
 j - 6 javelins
 r - 79 arrows
Armour
 d - a +0 robe
 h - a +0 ring mail (worn)
 k - a +0 buckler (worn)
Jewellery
 q - a +4 ring of evasion (left hand)
Scrolls
 b - a scroll of silence {unknown}
 n - a scroll of amnesia {unknown}
 o - 3 scrolls of teleportation {unknown}
 p - 2 scrolls of identify {unknown}
Potions
 i - a potion of haste {unknown}


   Skills:
 + Level 2.9 Fighting
 + Level 1.4 Short Blades
 + Level 1.4 Long Blades
 + Level 1.4 Axes
 + Level 1.4 Maces & Flails
 + Level 1.4 Polearms
 + Level 1.4 Staves
 + Level 1.4 Slings
 + Level 1.4 Bows
 + Level 4.7 Crossbows
 + Level 1.4 Throwing
 + Level 1.4 Armour
 + Level 4.7 Dodging
 + Level 1.4 Stealth
 + Level 1.4 Shields
 + Level 1.4 Unarmed Combat
 + Level 3.1 Spellcasting
 + Level 1.1 Conjurations
 + Level 5.5 Hexes
 + Level 1.1 Summonings
 + Level 1.1 Necromancy
 + Level 1.1 Translocations
 + Level 1.1 Transmutations
 + Level 1.1 Fire Magic
 + Level 1.1 Ice Magic
 + Level 1.1 Air Magic
 + Level 1.1 Earth Magic
 + Level 1.1 Poison Magic
 + Level 1.5 Invocations
 + Level 1.4 Evocations


You had 9 spell levels left.
You knew the following spells:

 Your Spells              Type           Power      Damage    Failure   Level
a - Slow                  Hex            60%        N/A       9%          1

Your spell library contained the following spells:

 Spells                   Type           Power      Damage    Failure   Level
 Inner Flame              Hex/Fire       9%         N/A       54%         3
 Portal Projectile        Hex/Tloc       18%        N/A       54%         3
 Cause Fear               Hex            7%         N/A       65%         4
 Gell's Gravitas          Tloc           4%         N/A       83%         3
 Teleport Other           Tloc           4%         N/A       83%         3
 Dispersal                Tloc           2%         N/A       100%        6


Dungeon Overview and Level Annotations

Branches:
Dungeon (3/15)

Altars:

Annotations:
D:2 Natasha
D:3 Ijyb


Innate Abilities, Weirdness & Mutations

You have very sharp teeth.
Your uncanny sense of smell can sniff out nearby items.
Your experience applies equally to all skills.


Message History

Ijyb is moderately wounded.
Ijyb hits you with a +1 dagger of flaming.
Ijyb burns you.
Ijyb grins evilly.
You block Ijyb's attack.
You shoot a bolt. The bolt barely misses Ijyb.
Ijyb hits you with a +1 dagger of flaming.
Ijyb burns you.
You are too injured to fight recklessly!
You are too injured to fight recklessly!
Fire: 26 bolts
Press: ? - help, Q - select action, (/) - cycle Shift-Dir - straight line, f/p - Ijyb
Aim: Ijyb, wielding a +1 dagger of flaming, wearing a +0 leather armour and carrying a wand of flame (27) (moderately wounded, 59% to hit)
You shoot a bolt. The bolt closely misses Ijyb.
Ijyb hits you with a +1 dagger of flaming.
Ijyb burns you.
Unknown command.
Unknown command.
Unknown command.
Ijyb screams, "I cut your head off!" Ijyb screams, "I dance on your bones!"
Ijyb zaps a wand.
The puff of flame misses you.
Ijyb zaps a wand.
The puff of flame hits you.
Ijyb zaps a wand.
The puff of flame hits you.
* * * LOW HITPOINT WARNING * * *
You are too injured to fight recklessly!
Fire: 25 bolts
Press: ? - help, Q - select action, (/) - cycle Shift-Dir - straight line, f/p - Ijyb
Aim: Ijyb, wielding a +1 dagger of flaming, wearing a +0 leather armour and carrying a wand of flame (24) (moderately wounded, 59% to hit)
You shoot a bolt. The bolt hits Ijyb.
Ijyb is moderately wounded.
Fire: 24 bolts
Press: ? - help, Q - select action, (/) - cycle Shift-Dir - straight line, f/p - Ijyb
Aim: Ijyb, wielding a +1 dagger of flaming, wearing a +0 leather armour and carrying a wand of flame (24) (moderately wounded, 59% to hit)
You shoot a bolt. The bolt hits Ijyb.
Ijyb is moderately wounded.
Ijyb screams, "Me stronger than you!"
Ijyb zaps a wand.
The puff of flame misses you.
Ijyb zaps a wand.
The puff of flame hits you!
You die...

#.# #...#.####....... #####.#
#.............#.. ##.....#
#####.##.....#..# ......##
#.##.#.....#. ##.##.#
#######)†.....#.. .
...##.#########......#.#.#.....
#####.##.((..g..#.............#
#####.##.######.#........#.# .
......##.# #.@..#.#..##...
########.### #.##.#.#.## ...
#......# #......#.. ...
#.##.#.#######.#####. #.#
#.##.....# #.....# #.
#.####.#.# #..>..# #.
#.####.#.# #.....# #......#.#
#.....# #####....# #.....#


You could see Ijyb.

Vanquished Creatures
  An iguana (D:3)
  Natasha (D:2)
  5 adders (D:2)
  An orc (D:3)
  6 ball pythons
  7 endoplasms
  A giant cockroach (D:2)
  2 goblins
  5 hobgoblins
  2 jackals (D:2)
  2 quokkas (D:1)
  3 bats
  3 kobolds
  3 rats (D:1)
42 creatures vanquished.

Vanquished Creatures (others)
  83 plants (D:1)
83 creatures vanquished.

Grand Total: 125 creatures vanquished

Notes
Turn   | Place    | Note
-------+----------+-------------------------------------------
     0 | D:1      | issech the Gnoll Arcane Marksman began the quest for the
                  | Orb.
     0 | D:1      | Reached XP level 1. HP: 17/17 MP: 4/4
   341 | D:1      | Reached XP level 2. HP: 23/23 MP: 5/5
   417 | D:1      | Found a faded altar of an unknown god.
   847 | D:2      | Reached XP level 3. HP: 22/28 MP: 7/7
  1147 | D:2      | Reached skill level 1 in Invocations
  1534 | D:2      | Noticed Natasha
  1536 | D:2      | Killed Natasha
  1537 | D:2      | Reached skill level 1 in Short Blades
  1537 | D:2      | Reached skill level 1 in Long Blades
  1537 | D:2      | Reached skill level 1 in Axes
  1537 | D:2      | Reached skill level 1 in Maces & Flails
  1537 | D:2      | Reached skill level 1 in Polearms
  1537 | D:2      | Reached skill level 1 in Staves
  1537 | D:2      | Reached skill level 1 in Slings
  1537 | D:2      | Reached skill level 1 in Bows
  1537 | D:2      | Reached skill level 1 in Throwing
  1537 | D:2      | Reached skill level 1 in Armour
  1537 | D:2      | Reached skill level 1 in Stealth
  1537 | D:2      | Reached skill level 1 in Shields
  1537 | D:2      | Reached skill level 1 in Unarmed Combat
  1537 | D:2      | Reached skill level 1 in Evocations
  1537 | D:2      | Reached XP level 4. HP: 33/34 MP: 8/8
  2083 | D:2      | Reached skill level 1 in Conjurations
  2083 | D:2      | Reached skill level 1 in Summonings
  2083 | D:2      | Reached skill level 1 in Necromancy
  2083 | D:2      | Reached skill level 1 in Translocations
  2083 | D:2      | Reached skill level 1 in Transmutations
  2083 | D:2      | Reached skill level 1 in Fire Magic
  2083 | D:2      | Reached skill level 1 in Ice Magic
  2083 | D:2      | Reached skill level 1 in Air Magic
  2083 | D:2      | Reached skill level 1 in Earth Magic
  2083 | D:2      | Reached skill level 1 in Poison Magic
  2168 | D:2      | Noticed Natasha
  2722 | D:3      | Reached XP level 5. HP: 31/40 MP: 9/9
  2874 | D:3      | Noticed Ijyb
  2908 | D:3      | Killed from afar by Ijyb

Illustrated notes

Levels and vault maps discovered:
D:1:      roderic_crop_circles_arrival_small, layout_loops_ring,
          ebering_ecumenical_altar_petrified
D:2:      layout_loops_corners, uniq_natasha
D:3:      layout_loops_cross, minmay_increasing_density, uniq_ijyb

Skill      XL: |  1  2  3  4 |
---------------+-------------+-----
Invocations    | 1 |  1.5
Short Blades   | 1 |  1.4
Long Blades    | 1 |  1.4
Axes           | 1 |  1.4
Maces & Flails | 1 |  1.4
Polearms       | 1 |  1.4
Staves         | 1 |  1.4
Slings         | 1 |  1.4
Bows           | 1 |  1.4
Throwing       | 1 |  1.4
Armour         | 1 |  1.4
Stealth        | 1 |  1.4
Shields        | 1 |  1.4
Unarmed Combat | 1 |  1.4
Spellcasting   | 3 |  3.1
Evocations     | 1 |  1.4
Conjurations   | 1 |  1.1
Summonings     | 1 |  1.1
Necromancy     | 1 |  1.1
Translocations | 1 |  1.1
Transmutations | 1 |  1.1
Fire Magic     | 1 |  1.1
Ice Magic      | 1 |  1.1
Air Magic      | 1 |  1.1
Earth Magic    | 1 |  1.1
Poison Magic   | 1 |  1.1
Fighting       | |  2.9
Crossbows      | |  4.7
Dodging        | |  4.7
Hexes          | |  5.5

Action                   |  1- 3 |  4- 6 || total
-------------------------+-------+-------++-------
Melee: Spear             |       |    49 ||    49
       Bite              |       |     1 ||     1
 Fire: Hand crossbow     |    61 |    32 ||    93
Armor: Ring mail         |     9 |    17 ||    26
       Robe              |     2 |       ||     2
Dodge: Dodged            |    16 |    48 ||    64
Block: Buckler           |     5 |    13 ||    18
